General information
- name: BNet
- type: Ladder team game (AT/RT)
- host: Battle.net
- saver: 456321048174591
map: DragonFalls
- players: 8
- length: 34:51
- speed: Fast
- version: 1.26 W3XP
- replay type: Public
» download(210 KB)
Players
team 1 (loser)
GODDTURLEY (
red | 39 APM | 1323 actions | 33:56)
4 Archmage
2 Blizzard
2 Brilliance Aura
4 Paladin
2 Holy Light
2 Divine Shield
» actions
| Basic commands | 7 | |
| Build / train | 68 | |
| Enter build submenu | 29 | |
| Enter hero's abilities submenu | 8 | |
| Right click | 640 | |
| Select / deselect | 445 | |
| Use ability | 126 | |
1323 total
» units
| Peasant | 11 | |
| Mortar Team | 10 | |
| Sorceress | 6 | |
| Siege Engine | 2 | |
29 total
» upgrades
| Masonry | 1 | |
| Gunpowder | 2 | |
| Sorceress Training | 1 | |
| Flare | 1 | |
| Barrage | 1 | |
6 total
» buildings
| Scout Tower | 6 | |
| Lumber Mill | 1 | |
| Altar of Kings | 1 | |
| Farm | 13 | |
| Arcane Tower | 1 | |
| Guard Tower | 7 | |
| Blacksmith | 1 | |
| Keep | 3 | |
| Arcane Vault | 1 | |
| Workshop | 2 | |
| Arcane Sanctum | 1 | |
| Castle | 2 | |
| Town Hall | 4 | |
43 total
» build order
00:10 Scout Tower
00:15 Lumber Mill
00:20 Altar of Kings
00:27 Farm
00:31 Farm
00:42 Arcane Tower
01:49 Scout Tower
01:52 Scout Tower
02:01 Scout Tower
02:21 Guard Tower
02:22 Guard Tower
02:28 Scout Tower
02:32 Farm
02:36 Farm
03:17 Guard Tower
03:17 Guard Tower
03:17 Guard Tower
03:21 Scout Tower
03:25 Farm
03:31 Farm
03:40 Blacksmith
04:13 Keep
04:13 Keep
04:13 Keep
04:29 Arcane Vault
04:32 Guard Tower
04:32 Guard Tower
04:51 Farm
05:45 Farm
05:46 Farm
06:35 Workshop
06:37 Workshop
06:40 Arcane Sanctum
07:14 Farm
08:04 Farm
08:47 Farm
08:49 Farm
11:46 Castle
11:47 Castle
22:30 Town Hall
23:48 Town Hall
26:15 Town Hall
27:23 Town Hall
» items
| Scroll of Regeneration | 2 | |
| Scroll of Town Portal | 2 | |
4 total
456321048174591 (
orange | 93 APM | 3247 actions | 34:51)
6 Blademaster
3 Wind Walk
3 Critical Strike
» actions
| Assign group hotkey | 114 | |
| Basic commands | 364 | |
| Build / train | 123 | |
| Enter build submenu | 36 | |
| Enter hero's abilities submenu | 6 | |
| Give item / drop item | 6 | |
| Right click | 1223 | |
| Select / deselect | 309 | |
| Select group hotkey | 909 | |
| Use ability | 157 | |
3247 total
» units
| Peon | 17 | |
| Grunt | 9 | |
| Goblin Shredder | 7 | |
| Troll Headhunter/Berserker | 8 | |
| Wind Rider | 6 | |
| Goblin Sapper | 7 | |
| Acolyte | 2 | |
| Goblin Zeppelin | 4 | |
60 total
» upgrades
| Berserker Strength | 1 | |
| Armor | 3 | |
| Pillage | 1 | |
| Reinforced Defenses | 1 | |
| Melee Weapons | 1 | |
| Berserker Upgrade | 1 | |
| Ranged Weapons | 3 | |
| Envenomed Spears | 1 | |
| Troll Regeneration | 1 | |
| Spiked Barricades | 1 | |
14 total
» buildings
| Orc Burrow | 10 | |
| Barracks | 3 | |
| Altar of Storms | 1 | |
| Voodoo Lounge | 1 | |
| Great Hall | 1 | |
| Stronghold | 1 | |
| War Mill | 1 | |
| Watch Tower | 16 | |
| Fortress | 3 | |
| Beastiary | 6 | |
43 total
» build order
00:13 Orc Burrow
00:48 Barracks
00:51 Altar of Storms
01:22 Orc Burrow
01:54 Voodoo Lounge
02:38 Orc Burrow
04:46 Great Hall
05:32 Stronghold
06:36 War Mill
07:58 Watch Tower
07:59 Watch Tower
08:27 Fortress
08:28 Fortress
08:32 Watch Tower
08:33 Watch Tower
08:34 Watch Tower
08:39 Watch Tower
08:43 Watch Tower
10:48 Watch Tower
10:52 Orc Burrow
11:11 Orc Burrow
14:20 Barracks
14:22 Beastiary
14:27 Beastiary
16:47 Barracks
16:50 Beastiary
16:58 Beastiary
17:16 Beastiary
17:17 Beastiary
19:11 Orc Burrow
19:15 Orc Burrow
19:19 Orc Burrow
19:22 Orc Burrow
19:25 Orc Burrow
24:57 Watch Tower
24:58 Watch Tower
24:58 Watch Tower
25:00 Watch Tower
25:01 Watch Tower
25:01 Watch Tower
25:03 Watch Tower
25:04 Watch Tower
» items
| Healing Salve | 7 | |
| Lesser Clarity Potion | 5 | |
| Scroll of Town Portal | 3 | |
| Orb of Lightning | 1 | |
16 total
SIIIlllIIIllN (
purple | 69 APM | 1959 actions | 28:32)
6 Mountain King
3 Storm Bolt
2 Bash
1 Avatar
5 Paladin
3 Holy Light
1 Devotion Aura
1 Divine Shield
» actions
| Assign group hotkey | 21 | |
| Basic commands | 115 | |
| Build / train | 103 | |
| Enter build submenu | 34 | |
| Enter hero's abilities submenu | 11 | |
| Give item / drop item | 6 | |
| Right click | 658 | |
| Select / deselect | 411 | |
| Select group hotkey | 493 | |
| Use ability | 107 | |
1959 total
» units
| Peasant | 15 | |
| Footman | 5 | |
| Knight | 8 | |
| Gryphon Rider | 7 | |
| Dragonhawk Rider | 4 | |
39 total
» upgrades
| Defend | 1 | |
| Lumber Harvesting | 2 | |
| Masonry | 3 | |
| Swords | 3 | |
| Plating | 3 | |
| Animal War Training | 1 | |
| Storm Hammers | 1 | |
| Armor | 3 | |
| Cloud | 1 | |
18 total
» buildings
| Farm | 14 | |
| Barracks | 2 | |
| Altar of Kings | 1 | |
| Scout Tower | 9 | |
| Arcane Tower | 1 | |
| Arcane Vault | 1 | |
| Lumber Mill | 1 | |
| Keep | 1 | |
| Town Hall | 2 | |
| Guard Tower | 12 | |
| Blacksmith | 1 | |
| Castle | 1 | |
| Gryphon Aviary | 2 | |
48 total
» build order
00:23 Farm
00:36 Barracks
00:53 Altar of Kings
01:01 Farm
01:39 Farm
02:18 Scout Tower
02:21 Farm
02:51 Arcane Tower
03:37 Arcane Vault
04:09 Lumber Mill
04:48 Keep
05:03 Town Hall
05:06 Scout Tower
05:09 Scout Tower
05:12 Scout Tower
05:14 Scout Tower
05:47 Guard Tower
06:30 Guard Tower
06:30 Guard Tower
06:40 Guard Tower
06:40 Guard Tower
06:50 Blacksmith
07:49 Castle
07:53 Farm
07:55 Barracks
07:59 Farm
08:14 Farm
08:39 Guard Tower
08:41 Guard Tower
08:46 Farm
09:02 Farm
09:06 Guard Tower
09:53 Gryphon Aviary
10:52 Gryphon Aviary
13:49 Farm
14:12 Farm
15:18 Farm
16:59 Farm
18:19 Farm
22:37 Town Hall
22:38 Scout Tower
22:39 Scout Tower
22:49 Scout Tower
22:51 Scout Tower
23:14 Guard Tower
23:14 Guard Tower
23:23 Guard Tower
23:24 Guard Tower
» items
| Scroll of Regeneration | 3 | |
| Boots of Speed | 2 | |
| Ivory Tower | 3 | |
| Potion of Healing | 4 | |
| Staff of Sanctuary | 1 | |
| Orb of Fire | 1 | |
| Scroll of Town Portal | 3 | |
17 total

»
whuresofbabylon (
green | 66 APM | 1939 actions | 29:09)
4 Death Knight
2 Death Coil
1 Unholy Aura
1 Death Pact
3 Crypt Lord
2 Impale
1 Spiked Carapace
» actions
| Basic commands | 131 | |
| Build / train | 80 | |
| ESC pressed | 15 | |
| Enter build submenu | 28 | |
| Enter hero's abilities submenu | 7 | |
| Give item / drop item | 1 | |
| Remove unit from queue | 2 | |
| Right click | 730 | |
| Select / deselect | 846 | |
| Use ability | 99 | |
1939 total
» units
| Acolyte | 18 | |
| Ghoul | 3 | |
| Crypt Fiend | 12 | |
| Obsidian Statue | 3 | |
| Frost Wyrm | 1 | |
37 total
» upgrades
| Creature Attack | 3 | |
| Creature Carapace | 4 | |
| Burrow | 1 | |
| Web | 1 | |
| Destroyer Form | 1 | |
| Freezing Breath | 1 | |
11 total
» buildings
| Ziggurat | 9 | |
| Crypt | 1 | |
| Altar of Darkness | 1 | |
| Graveyard | 1 | |
| Tomb of Relics | 1 | |
| Nerubian Tower | 1 | |
| Halls of the Dead | 4 | |
| Spirit Tower | 1 | |
| Slaughterhouse | 1 | |
| Necropolis | 2 | |
| Black Citadel | 5 | |
| Sacrificial Pit | 1 | |
| Boneyard | 2 | |
30 total
» build order
00:08 Ziggurat
01:03 Crypt
01:08 Altar of Darkness
01:12 Graveyard
01:25 Tomb of Relics
01:47 Ziggurat
02:50 Nerubian Tower
03:50 Halls of the Dead
03:50 Halls of the Dead
03:50 Halls of the Dead
04:43 Ziggurat
06:05 Spirit Tower
07:14 Slaughterhouse
07:37 Ziggurat
08:36 Necropolis
09:39 Black Citadel
09:39 Black Citadel
09:39 Black Citadel
10:48 Ziggurat
11:24 Ziggurat
13:52 Sacrificial Pit
20:04 Necropolis
20:06 Ziggurat
20:10 Ziggurat
20:12 Ziggurat
20:27 Boneyard
21:21 Boneyard
» items
| Potion of Mana | 1 | |
| Potion of Healing | 4 | |
| Scroll of Town Portal | 1 | |
| Dust of Appearance | 1 | |
7 total
team 2 (winner)

»
K1NG_ (
blue | 56 APM | 944 actions | 16:48)
4 Priestess of the Moon
2 Trueshot Aura
2 Searing Arrows
» actions
| Assign group hotkey | 2 | |
| Build / train | 59 | |
| Enter build submenu | 11 | |
| Enter hero's abilities submenu | 4 | |
| Give item / drop item | 2 | |
| Right click | 435 | |
| Select / deselect | 160 | |
| Select group hotkey | 255 | |
| Use ability | 16 | |
944 total
» units
| Wisp | 12 | |
| Archer | 17 | |
| Druid of the Talon | 5 | |
34 total
» upgrades
| Strength of the Moon | 3 | |
| Moon Armor | 3 | |
| Ultravision | 1 | |
| Druid of the Talon Training | 2 | |
| Improved Bows | 1 | |
| Hippogryph Taming | 1 | |
| Well Spring | 1 | |
| Marksmanship | 1 | |
| Mark of the Talon | 1 | |
14 total
» buildings
| Altar of Elders | 1 | |
| Moon Well | 4 | |
| Ancient of War | 1 | |
| Ancient of Wonders | 1 | |
| Hunter's Hall | 1 | |
| Tree of Ages | 1 | |
| Ancient of Wind | 2 | |
| Tree of Eternity | 1 | |
12 total
» build order
00:14 Altar of Elders
00:16 Moon Well
01:12 Moon Well
01:28 Ancient of War
02:07 Ancient of Wonders
02:14 Moon Well
02:53 Hunter's Hall
04:34 Tree of Ages
05:38 Moon Well
07:20 Ancient of Wind
07:26 Ancient of Wind
09:03 Tree of Eternity
» items
| Scroll of Town Portal | 1 | |
| Boots of Speed | 1 | |
| Periapt of Vitality | 1 | |
| Potion of Lesser Invulnerability | 1 | |
4 total

»
2EazyStyle (
teal | 78 APM | 1159 actions | 14:50)
3 Demon Hunter
2 Mana Burn
1 Evasion
» actions
| Assign group hotkey | 9 | |
| Basic commands | 1 | |
| Build / train | 44 | |
| Enter build submenu | 19 | |
| Enter hero's abilities submenu | 3 | |
| Give item / drop item | 2 | |
| Right click | 755 | |
| Select / deselect | 264 | |
| Select group hotkey | 22 | |
| Use ability | 40 | |
1159 total
» units
| Wisp | 16 | |
| Archer | 9 | |
| Goblin Zeppelin | 1 | |
| Hippogryph | 5 | |
31 total
» upgrades
| Improved Bows | 1 | |
| Hippogryph Taming | 1 | |
| Strength of the Moon | 1 | |
| Moon Armor | 1 | |
| Nature's Blessing | 1 | |
5 total
» buildings
| Altar of Elders | 1 | |
| Moon Well | 6 | |
| Ancient of War | 3 | |
| Tree of Ages | 1 | |
| Tree of Life | 2 | |
| Ancient of Wind | 4 | |
| Hunter's Hall | 1 | |
| Ancient of Wonders | 2 | |
20 total
» build order
00:12 Altar of Elders
00:25 Moon Well
00:30 Ancient of War
01:40 Ancient of War
02:02 Ancient of War
02:20 Moon Well
03:03 Moon Well
03:57 Tree of Ages
04:34 Tree of Life
07:30 Ancient of Wind
07:31 Ancient of Wind
07:35 Ancient of Wind
07:36 Ancient of Wind
07:54 Hunter's Hall
08:02 Ancient of Wonders
08:05 Ancient of Wonders
08:57 Moon Well
09:38 Moon Well
11:07 Moon Well
13:00 Tree of Life
» items
| Scroll of Town Portal | 2 | |
| Potion of Lesser Invulnerability | 1 | |
3 total
LetsDoDisBois (
pink | 57 APM | 1985 actions | 34:51)
7 Blademaster
3 Wind Walk
3 Critical Strike
1 Bladestorm
1 Priestess of the Moon
1 Trueshot Aura
» actions
| Assign group hotkey | 37 | |
| Basic commands | 56 | |
| Build / train | 77 | |
| Enter build submenu | 89 | |
| Enter hero's abilities submenu | 8 | |
| Give item / drop item | 3 | |
| Remove unit from queue | 1 | |
| Right click | 909 | |
| Select / deselect | 364 | |
| Select group hotkey | 209 | |
| Use ability | 232 | |
1985 total
» units
| Peon | 17 | |
| Grunt | 4 | |
| Goblin Shredder | 1 | |
| Goblin Zeppelin | 3 | |
| Troll Witch Doctor | 2 | |
| Green Dragon | 2 | |
| Goblin Sapper | 7 | |
| Peasant | 1 | |
37 total
» upgrades
| Reinforced Defenses | 1 | |
| Armor | 1 | |
| Ranged Weapons | 1 | |
| Masonry | 1 | |
4 total
» buildings
| Orc Burrow | 4 | |
| Altar of Storms | 1 | |
| Barracks | 1 | |
| Voodoo Lounge | 2 | |
| War Mill | 2 | |
| Stronghold | 1 | |
| Great Hall | 3 | |
| Fortress | 1 | |
| Watch Tower | 40 | |
| Spirit Lodge | 1 | |
| Moon Well | 8 | |
| Ancient Protector | 5 | |
| Scout Tower | 38 | |
| Lumber Mill | 1 | |
| Guard Tower | 9 | |
| Town Hall | 1 | |
118 total
» build order
00:11 Orc Burrow
00:58 Orc Burrow
01:07 Altar of Storms
01:12 Barracks
01:55 Voodoo Lounge
02:46 War Mill
03:31 Stronghold
05:18 Great Hall
06:10 Orc Burrow
07:05 Fortress
08:18 Watch Tower
08:18 Watch Tower
08:19 Watch Tower
08:19 Watch Tower
08:20 Watch Tower
08:23 Voodoo Lounge
08:25 Watch Tower
08:30 Watch Tower
08:31 Watch Tower
08:32 Watch Tower
08:32 Watch Tower
09:20 Orc Burrow
10:43 Watch Tower
10:47 Watch Tower
10:48 Watch Tower
13:23 Watch Tower
13:23 Watch Tower
13:26 Watch Tower
13:27 Watch Tower
13:28 Watch Tower
13:31 Watch Tower
15:25 Spirit Lodge
16:41 Watch Tower
16:43 Watch Tower
16:49 Watch Tower
16:50 Watch Tower
16:50 Watch Tower
16:51 Watch Tower
16:52 Watch Tower
16:54 Watch Tower
17:14 Watch Tower
18:58 Moon Well
18:58 Moon Well
18:59 Moon Well
19:00 Moon Well
19:02 Moon Well
19:03 Moon Well
19:04 Moon Well
19:05 Moon Well
19:56 Ancient Protector
19:57 Ancient Protector
19:59 Ancient Protector
20:00 Ancient Protector
20:01 Ancient Protector
20:10 Scout Tower
20:11 Scout Tower
20:11 Scout Tower
20:11 Scout Tower
20:12 Scout Tower
20:12 Scout Tower
20:13 Scout Tower
20:13 Scout Tower
20:14 Scout Tower
20:14 Scout Tower
20:15 Scout Tower
20:15 Scout Tower
20:16 Scout Tower
21:46 Lumber Mill
22:05 Guard Tower
22:08 Guard Tower
22:10 Scout Tower
22:11 Scout Tower
22:11 Scout Tower
22:11 Scout Tower
22:12 Scout Tower
22:13 Scout Tower
23:54 Guard Tower
23:58 Guard Tower
23:59 Guard Tower
25:15 Great Hall
25:21 War Mill
26:01 Scout Tower
26:02 Scout Tower
26:02 Scout Tower
26:02 Scout Tower
26:03 Scout Tower
27:16 Guard Tower
28:55 Town Hall
28:57 Scout Tower
28:57 Scout Tower
28:57 Scout Tower
28:58 Scout Tower
28:59 Scout Tower
29:00 Scout Tower
29:00 Scout Tower
29:01 Scout Tower
29:07 Great Hall
29:09 Watch Tower
29:09 Watch Tower
29:09 Watch Tower
29:13 Watch Tower
29:14 Watch Tower
29:14 Watch Tower
29:16 Watch Tower
29:20 Watch Tower
29:20 Watch Tower
29:21 Watch Tower
29:35 Guard Tower
30:36 Guard Tower
31:20 Guard Tower
33:57 Stronghold
» items
| Healing Salve | 4 | |
| Potion of Mana | 4 | |
| Lesser Clarity Potion | 3 | |
| Orb of Lightning | 1 | |
| Scroll of Town Portal | 1 | |
| Potion of Healing | 2 | |
15 total
LOLIGOTAPENlS (
yellow | 54 APM | 880 actions | 16:21)
3 Archmage
2 Blizzard
1 Brilliance Aura
1 Paladin
1 Holy Light
» actions
| Assign group hotkey | 5 | |
| Basic commands | 10 | |
| Build / train | 65 | |
| ESC pressed | 5 | |
| Enter build submenu | 26 | |
| Enter hero's abilities submenu | 4 | |
| Right click | 447 | |
| Select / deselect | 226 | |
| Select group hotkey | 30 | |
| Use ability | 62 | |
880 total
» units
| Peasant | 17 | |
| Footman | 3 | |
| Rifleman | 12 | |
| Mortar Team | 3 | |
| Priest | 2 | |
| Sorceress | 3 | |
40 total
» upgrades
| Gunpowder | 2 | |
| Armor | 2 | |
| Long Rifles | 1 | |
| Magic Sentry | 1 | |
| Flare | 1 | |
| Lumber Harvesting | 1 | |
8 total
» buildings
| Altar of Kings | 1 | |
| Farm | 12 | |
| Barracks | 2 | |
| Lumber Mill | 1 | |
| Blacksmith | 1 | |
| Town Hall | 1 | |
| Arcane Vault | 1 | |
| Keep | 1 | |
| Workshop | 1 | |
| Arcane Sanctum | 1 | |
| Scout Tower | 5 | |
| Guard Tower | 3 | |
30 total
» build order
00:23 Altar of Kings
00:38 Farm
00:39 Farm
00:57 Barracks
01:39 Lumber Mill
01:48 Farm
02:07 Barracks
03:05 Blacksmith
04:19 Town Hall
04:34 Arcane Vault
06:48 Keep
07:30 Farm
07:32 Farm
07:34 Farm
07:40 Farm
07:56 Farm
07:58 Farm
08:04 Farm
08:51 Farm
08:52 Farm
09:57 Workshop
10:00 Arcane Sanctum
10:42 Scout Tower
11:26 Guard Tower
13:06 Scout Tower
13:39 Guard Tower
13:44 Scout Tower
13:45 Scout Tower
13:45 Scout Tower
15:26 Guard Tower
» items
| Periapt of Vitality | 1 | |
| Lesser Clarity Potion | 1 | |
| Potion of Lesser Invulnerability | 1 | |
| Scroll of Regeneration | 1 | |
| Scroll of Town Portal | 1 | |
5 total
Chat log
(00:20 / Allies) SIIIlllIIIllN: UNIT?
(00:22 / All) LetsDoDisBois: LETS FUCK EM
(00:25 / All) LetsDoDisBois: RIGHT UP THE BUTT
(00:26 / All) LOLIGOTAPENlS: YA
(00:27 / Allies) whuresofbabylon: spider
(00:34 / All) whuresofbabylon: touch my prostate
(00:38 / Allies) GODDTURLEY: d hawks
(01:24 / All) LetsDoDisBois: you've been touched by an angel
(01:30 / All) LOLIGOTAPENlS: LOL
(02:03 / Allies) SIIIlllIIIllN: GO TO VICTORIA SECRET
(02:07 / Allies) SIIIlllIIIllN: THEY WILL TOUCH U BADLY
(02:14 / Allies) SIIIlllIIIllN: kkk
(02:18 / Allies) whuresofbabylon: kkk
(02:28 / Allies) whuresofbabylon: i love the devil
(02:37 / Allies) SIIIlllIIIllN: same
(02:40 / Allies) whuresofbabylon: same
(03:22 / Allies) SIIIlllIIIllN: wtf straight tech?
(03:38 / Allies) whuresofbabylon: wut
(05:06 / Allies) GODDTURLEY: oj
(05:11 / Allies) 456321048174591: lol
(05:14 / Allies) 456321048174591: I'll creep what I want
(05:23 / Allies) GODDTURLEY: ok...
(05:25 / Allies) 456321048174591: I'm not a slave to your solo hero straight tech ass
(05:36 / Allies) GODDTURLEY: just a suggestion...
(05:38 / Allies) GODDTURLEY: jesus christ
(05:46 / Allies) 456321048174591: oh lawl
(05:47 / Allies) whuresofbabylon: niggas calm down
(06:05 / Allies) GODDTURLEY: i suggest so we can get it before them cuz there is limited creeps\
(06:08 / Allies) GODDTURLEY: that is all :)
(06:12 / Allies) 456321048174591: kk
(06:15 / Allies) GODDTURLEY: i got heals for us after
(06:22 / Allies) 456321048174591: they got two armies
(06:23 / Allies) GODDTURLEY: oh shit
(06:24 / Allies) 456321048174591: so can't creep there
(06:26 / Allies) 456321048174591: damn
(06:54 / Allies) GODDTURLEY: lol
(06:55 / Allies) GODDTURLEY: nice
(07:09 / Allies) 456321048174591: lol
(07:10 / Allies) 456321048174591: 1 hp
(07:17 / Allies) 456321048174591: I got mana burned and was like oh shit
(07:25 / Allies) GODDTURLEY: mort casters
(09:14 / Allies) SIIIlllIIIllN: chase
(09:16 / Allies) GODDTURLEY: any spare gold oj?
(09:26 / Allies) GODDTURLEY: thank you
(09:30 / Allies) 456321048174591: was saving for my own units but there's a bit
(09:48 / Allies) GODDTURLEY: gunna hit n run
(10:28 / Allies) 456321048174591: lol what
(10:30 / Allies) 456321048174591: no micro so he had to tp
(10:31 / Allies) SIIIlllIIIllN: wah
(10:38 / Allies) GODDTURLEY: he tp to kill me i think
(10:44 / Allies) 456321048174591: oh
(10:45 / Allies) 456321048174591: nice lawl
(10:54 / Allies) GODDTURLEY: yeah killed altar well and shop
(11:06 / Allies) GODDTURLEY: gunna invis and hit his main
(11:42 / Allies) 456321048174591: Green or red should expo
(11:44 / Allies) 456321048174591: mid right
(12:01 / Allies) SIIIlllIIIllN: b
(12:05 / Allies) 456321048174591: omw to hit with you guys
(12:12 / Allies) 456321048174591: I need wood bad forgot to put my shredder to work
(12:21 / Allies) GODDTURLEY: gunna kill teal
(12:51 / Allies) 456321048174591: inc top
(12:52 / Allies) GODDTURLEY: got his main
(12:52 / Allies) SIIIlllIIIllN: b
(13:04 / Allies) SIIIlllIIIllN: iinside
(13:10 / Allies) GODDTURLEY: ill tp
(13:17 / Allies) SIIIlllIIIllN: stay inside
(13:22 / Allies) SIIIlllIIIllN: move inside
(13:30 / Allies) 456321048174591: My bm is a retard magnet for yellow lol
(13:36 / Allies) 456321048174591: he's chasing
(13:59 / Allies) GODDTURLEY: ima take out yellow main
(14:01 / Allies) SIIIlllIIIllN: no preist?4
(14:33 / Allies) 456321048174591: shit we need aa
(14:39 / Allies) GODDTURLEY: ty
(14:48 / All) 2EazyStyle: GG
(14:48 / Allies) GODDTURLEY: wtf
(14:49 / Allies) GODDTURLEY: oj
(14:52 / Allies) GODDTURLEY: 4.5k gold
(14:57 / Allies) 456321048174591: Gonna pump
(14:58 / Allies) 456321048174591: in a sec
(15:07 / All) LetsDoDisBois: lol what a pussy
(15:13 / Allies) 456321048174591: lawl or not they canceled my tech
(16:22 / Allies) 456321048174591: nice
(16:24 / All) 456321048174591: wow pussies
(16:36 / Allies) GODDTURLEY: i got yellow and teal mains
(16:48 / Allies) SIIIlllIIIllN: nice
(19:28 / Allies) GODDTURLEY: lol
(21:53 / Allies) whuresofbabylon: oj
(21:55 / Allies) GODDTURLEY: why are u bsing
(22:03 / Allies) 456321048174591: It's what I do mang
(22:11 / Allies) GODDTURLEY: lol
(22:13 / Allies) GODDTURLEY: ur a fah
(22:14 / Allies) GODDTURLEY: fag
(22:23 / Allies) GODDTURLEY: purple can u kill this fag
(24:38 / Allies) SIIIlllIIIllN: meet there
(24:44 / Allies) GODDTURLEY: oj is bsing
(24:49 / Allies) GODDTURLEY: we dont have anyone besides u
(24:49 / Allies) SIIIlllIIIllN: why
(25:03 / Allies) GODDTURLEY: no reason at all
(25:07 / Allies) 456321048174591: It's what I do
(25:11 / Allies) whuresofbabylon: hes a nigger
(25:14 / Allies) 456321048174591: you could say I'm ap rofessional
(25:16 / Allies) whuresofbabylon: lover
(25:30 / Allies) SIIIlllIIIllN: come
(28:29 / Allies) SIIIlllIIIllN: we won
(28:35 / Allies) 456321048174591: nope
(28:37 / Allies) 456321048174591: you lose
(28:57 / 5) GODDTURLEY: going afk for u babe
(29:01 / Allies) 456321048174591: thanks, makes it real easy
(29:02 / 5) GODDTURLEY: now u have to kill everything have fun
(29:06 / Allies) 456321048174591: I do it regularly
(29:08 / Allies) 456321048174591: no big deal to me
(30:20 / All) 456321048174591: Red afk
(30:23 / All) 456321048174591: and purp and green left
(32:20 / All) LetsDoDisBois: just leave red
(32:23 / All) LetsDoDisBois: I earned this win
(32:27 / All) LetsDoDisBois: be noble
(34:29 / All) LetsDoDisBois: u team lose I say
(34:34 / All) 456321048174591: yeah
(34:49 / All) 456321048174591: oh he left
(34:51 / All) 456321048174591: k